 Dungeon Crawl Stone Soup version 0.31.0-32-g396128a36d (webtiles) character file.

Game seed: 16093249618673423292

860 FarmingIce the Ruffian (level 8, -1/60 HPs)
             Began as a Gnoll Shapeshifter on Apr 10, 2024.
             Was an Initiate of Ashenzari.
             Slain by an iguana (5 damage)
             ... on level 4 of the Dungeon.
             The game lasted 00:09:49 (3401 turns).

FarmingIce the Ruffian (Gnoll Shapeshifter)         Turns: 3401, Time: 00:09:49

Health: -1/60      AC:  9    Str: 16    XL:     8   Next: 2%
Magic:  12/12      EV:  9    Int:  9    God:    Ashenzari [......]
Gold:   202        SH:  0    Dex: 12    Spells: 13/13 levels left

rFire   . .          .
                       - Unarmed
rCold   . . .        (no shield)
rNeg    . . .        f - +0 chain mail
rPois   .            o - melded +0 helmet
rElec   .            (cloak currently unavailable)
rCorr   .            (gloves currently unavailable)
SInv    +            A - melded +1 pair of boots
Will    .....        C - amulet of faith Stlth
                     m - ring of see invisible
HPRegen 0.30/turn    (no ring)
MPRegen 0.13/turn

%: faith
@: beast-form
A: beast (slay +4), fangs 1, strong nose, distributed training
a: Begin Untransformation, Renounce Religion, Curse Item


You were on level 4 of the Dungeon.
You worshipped Ashenzari.
Ashenzari was noncommittal.
You were a hulking beast.
You visited 1 branch of the dungeon, and saw 5 of its levels.
You also visited: Sewer.

You collected 202 gold pieces.

Inventory:

Hand Weapons
 x - a +0 battleaxe
Armour
 f - a +0 chain mail (worn)
 o - a +0 helmet (melded)
 A - a +1 pair of boots (melded)
Jewellery
 m - a ring of see invisible (left hand)
 C - an amulet of faith (around neck)
Talismans
 c - a beast talisman (active)
 d - a flux talisman
Wands
 p - a wand of iceblast (11)
Scrolls
 a - a scroll of enchant armour {unknown}
 g - a scroll of fog
 j - 2 scrolls of teleportation
 k - 2 scrolls of vulnerability
 l - a scroll of noise
 n - a scroll of torment {unknown}
 q - a scroll of identify
 r - 2 scrolls of fear {unknown}
 u - a scroll of butterflies {unknown}
 y - a scroll of amnesia {unknown}
Potions
 b - a potion of lignification
 e - 2 potions of heal wounds {unknown}
 h - 2 potions of curing {unknown}
 i - 2 potions of enlightenment {unknown}
 s - a potion of berserk rage {unknown}
 t - a potion of brilliance {unknown}
 v - 2 potions of haste {unknown}
 w - a potion of magic {unknown}
 z - a potion of experience {unknown}
 B - 2 potions of invisibility {unknown}


   Skills:
 + Level 4.0 Fighting
 + Level 3.0 Short Blades
 + Level 3.0 Long Blades
 + Level 3.0 Axes
 + Level 3.0 Maces & Flails
 + Level 3.0 Polearms
 + Level 3.0 Staves
 + Level 3.0 Ranged Weapons
 + Level 3.0 Throwing
 + Level 3.0 Armour
 + Level 5.5 Dodging
 + Level 3.0 Stealth
 + Level 3.0 Shields
 + Level 7.2 Unarmed Combat
 + Level 3.0 Spellcasting
 + Level 2.4 Conjurations
 + Level 2.4 Hexes
 + Level 2.4 Summonings
 + Level 2.4 Necromancy
 + Level 2.4 Translocations
 + Level 2.4 Fire Magic
 + Level 2.4 Ice Magic
 + Level 2.4 Air Magic
 + Level 2.4 Earth Magic
 + Level 2.4 Alchemy
 + Level 3.3 Invocations
 + Level 3.0 Evocations
 + Level 7.1 Shapeshifting


You had 13 spell levels left.
You didn't know any spells.
Your spell library contained the following spells:

 Spells                   Type           Power      Damage    Failure   Level
 Tukima's Dance           Hex            5%         N/A       99%         3
 Dimensional Bullseye     Hex/Tloc       2%         N/A       100%        4
 Iskenderun's Mystic Bla  Conj/Tloc      5%         2d3       100%        4


Dungeon Overview and Level Annotations

Branches:
Dungeon (5/15)              Sewer (visited)
 Temple: D:4-7

Altars:
Ashenzari
Gozag
Okawaru
Wu Jian
Yredelemnul


Innate Abilities, Weirdness & Mutations

You are a hulking beast.
Your limbs bulge with bestial killing power. (Slay +4)
You have very sharp teeth.
Your uncanny sense of smell can sniff out nearby items.
Your experience applies equally to all skills.


Message History

Found a flux talisman.
The orc shouts!
An orc comes into view. It is wielding a +0 falchion.
Found a scroll of teleportation.
The orc shouts!
You hear a shout!
An orc priest comes into view. It is wielding a +0 war axe.
An orc wizard comes into view. It is wielding a +0 dagger.
The orc wizard shouts!
The orc priest looks satisfied for a moment.
The orc priest calls down the wrath of Beogh upon you.
Beogh smites you!
* * * LOW HITPOINT WARNING * * *
You punch the orc!
You kill the orc!
As you read the scroll of teleportation, it crumbles to dust.
You feel strangely unstable.
Your surroundings suddenly seem different.
Found a robe.
Found an escape hatch in the ceiling.
An iguana comes into view.
An adder comes into view.
The adder hisses angrily.
You barely miss the adder. The adder bites you but does no damage.
You hit the adder. Your bite misses the adder.
The adder is heavily wounded.
The adder bites you but does no damage. The iguana bites you!
* * * LOW HITPOINT WARNING * * *
You closely miss the adder. You punch the adder.
The adder is severely wounded.
The adder bites you but does no damage.
The iguana bites you but does no damage.
You barely miss the adder. You punch the adder.
You kill the adder!
The iguana closely misses you. The iguana barely misses you.
There is an escape hatch in the ceiling, spattered with blood here.
The iguana bites you.
* * * LOW HITPOINT WARNING * * *
A mysterious force pulls you upwards. The hatch slams shut behind you.
The iguana barely misses you. The iguana attacks as it pursues you!
The iguana bites you.
You die...

#.# #.# #.# # #.# #
#########.#### #
####.....>......## #
#............##..#######
#
#..........l...........#
#........#.h..####.###.#
# #........+....# #.#
#.# ### #........#...<#
#.# #.# #ยง#
#........#....#
#.###.#####
#..).....#....#
#........##
#........#....#
####.###.##
######........#....#
#..##..#
#.............#....#
##..##'#
#.........#####.#'##
#......


You could see an iguana.

Vanquished Creatures
  Sigmund (D:3)
  2 ogres (D:5)
  A weeping skull (D:3)
  5 jellies
  A hound (D:4)
  A gnoll bouda (D:5)
  5 gnolls (D:5)
  6 adders
  2 river rats (Sewer)
  5 dart slugs
  4 ribbon worms
  6 orcs
  7 ball pythons
  11 endoplasms
  7 giant cockroaches
  6 goblins
  10 hobgoblins
  10 jackals
  5 quokkas
  6 bats
  6 frilled lizards
  10 kobolds
  10 rats
  A spectral orc (D:3)
128 creatures vanquished.

Notes
Turn   | Place    | Note
-------+----------+-------------------------------------------
     0 | D:1      | FarmingIce the Gnoll Shapeshifter began the quest for the
                  | Orb.
     0 | D:1      | Reached XP level 1. HP: 17/17 MP: 1/1
    84 | D:1      | Reached XP level 2. HP: 23/23 MP: 2/2
    90 | D:1      | Found a faded altar of an unknown god.
   445 | D:1      | Reached XP level 3. HP: 25/28 MP: 3/3
   592 | D:2      | Reached skill level 1 in Invocations
   637 | D:2      | Reached skill level 1 in Short Blades
   637 | D:2      | Reached skill level 1 in Long Blades
   637 | D:2      | Reached skill level 1 in Axes
   637 | D:2      | Reached skill level 1 in Maces & Flails
   637 | D:2      | Reached skill level 1 in Polearms
   637 | D:2      | Reached skill level 1 in Staves
   637 | D:2      | Reached skill level 1 in Ranged Weapons
   637 | D:2      | Reached skill level 1 in Throwing
   637 | D:2      | Reached skill level 1 in Armour
   637 | D:2      | Reached skill level 1 in Stealth
   637 | D:2      | Reached skill level 1 in Shields
   637 | D:2      | Reached skill level 1 in Spellcasting
   637 | D:2      | Reached skill level 1 in Evocations
   740 | D:2      | Reached XP level 4. HP: 34/34 MP: 5/5
   941 | D:2      | Reached skill level 1 in Conjurations
   941 | D:2      | Reached skill level 1 in Hexes
   941 | D:2      | Reached skill level 1 in Summonings
   941 | D:2      | Reached skill level 1 in Necromancy
   941 | D:2      | Reached skill level 1 in Translocations
   941 | D:2      | Reached skill level 1 in Fire Magic
   941 | D:2      | Reached skill level 1 in Ice Magic
   941 | D:2      | Reached skill level 1 in Air Magic
   941 | D:2      | Reached skill level 1 in Earth Magic
   941 | D:2      | Reached skill level 1 in Alchemy
  1113 | D:3      | Found a basalt altar of Yredelemnul.
  1113 | D:3      | Noticed a weeping skull
  1132 | D:3      | Killed a weeping skull
  1133 | D:3      | Reached XP level 5. HP: 41/41 MP: 5/7
  1218 | D:3      | Found an opulent altar of Gozag.
  1542 | D:3      | Noticed Sigmund
  1564 | D:3      | Killed Sigmund
  1565 | D:3      | Reached skill level 5 in Dodging
  1565 | D:3      | Reached XP level 6. HP: 24/47 MP: 7/9
  1933 | D:4      | Found an iron altar of Okawaru.
  1981 | D:4      | Found a broken altar of Ashenzari.
  1998 | D:4      | Became a worshipper of Ashenzari the Shackled
  2407 | D:4      | Found a glowing drain.
  2440 | Sewer    | Entered a sewer
  2597 | Sewer    | Reached XP level 7. HP: 46/52 MP: 10/10
  2784 | Sewer    | Found a viscous altar of Jiyva.
  3155 | D:4      | Found an ornate altar of the Wu Jian Council.
  3228 | D:5      | Entered Level 5 of the Dungeon
  3361 | D:5      | Reached XP level 8. HP: 19/60 MP: 12/12
  3397 | D:5      | HP: 3/60 [iguana (5)]
  3401 | D:4      | Slain by an iguana

Illustrated notes

Levels and vault maps discovered:
D:1:      lemuel_arrival_behind_the_door_small, layout_rooms,
          hellmonk_ecumenical_altar_heavens_door, serial_corexii_hall,
          corexii_hall_statues_x, chequers_hall_statues_wall_a,
          columned_hall_lemuel
D:2:      layout_rooms
D:3:      layout_loops_ring, mainiacjoe_overflow_tiny_flanked,
          yredelemnul_forgotten_temple_becter, minmay_misc_feat_pillars,
          minmay_goblin_kobold_house, uniq_sigmund
D:4:      layout_basic, evilmike_ruin_ashenzari,
          pdpol_wu_jian_five_deadly_venoms,
          mainiacjoe_overflow_concentric_impassable, cheibrodos_sewer_entry_bend
D:5:      layout_basic, mainiacjoe_overflow_boulevard,
          mainiacjoe_overflow_divided_tiny, lightli_minifort

Skill      XL: |  1  2  3  4  5  6  7 |
---------------+----------------------+-----
Invocations    | 1 2 3 |  3.3
Short Blades   | 1 2 3 |  3.0
Long Blades    | 1 2 3 |  3.0
Axes           | 1 2 3 |  3.0
Maces & Flails | 1 2 3 |  3.0
Polearms       | 1 2 3 |  3.0
Staves         | 1 2 3 |  3.0
Ranged Weapons | 1 2 3 |  3.0
Throwing       | 1 2 3 |  3.0
Armour         | 1 2 3 |  3.0
Stealth        | 1 2 3 |  3.0
Shields        | 1 2 3 |  3.0
Spellcasting   | 1 2 3 |  3.0
Evocations     | 1 2 3 |  3.0
Conjurations   | 1 2 |  2.4
Hexes          | 1 2 |  2.4
Summonings     | 1 2 |  2.4
Necromancy     | 1 2 |  2.4
Translocations | 1 2 |  2.4
Fire Magic     | 1 2 |  2.4
Ice Magic      | 1 2 |  2.4
Air Magic      | 1 2 |  2.4
Earth Magic    | 1 2 |  2.4
Alchemy        | 1 2 |  2.4
Fighting       | 3 4 |  4.0
Dodging        | 5 |  5.5
Unarmed Combat | 7 |  7.2
Shapeshifting  | 7 |  7.1

Action                     |  1- 3 |  4- 6 |  7- 9 || total
---------------------------+-------+-------+-------++-------
  Melee: Unarmed           |    65 |   167 |    80 ||   312
         Punch             |     3 |     5 |     5 ||    13
         Bite              |     2 |    20 |     5 ||    27
    Use: Scroll            |       |     4 |     1 ||     5
 Armour: Animal skin       |     9 |       |       ||     9
         Chain mail        |    33 |   102 |    73 ||   208
  Dodge: Dodged            |    33 |    73 |    34 ||   140
   Form: Beast             |     1 |       |     2 ||     3
                           |       |       |     2 ||     2
